 Dungeon Crawl Stone Soup version 0.28-a0-1624-g820543e53a (webtiles) character file.

Game seed: 5739217407573328827

12735 issech the Basher (level 11, -8/99 HPs)
             Began as a Troll Monk on Jan 24, 2022.
             Was a High Priest of Hepliaklqana.
             Shot with a bolt by a yaktaur captain (31 damage)
             ... on level 10 of the Dungeon.
             The game lasted 01:07:08 (11265 turns).

issech the Basher (Troll Monk)                     Turns: 11265, Time: 01:07:08

Health: -8/99      AC: 12    Str: 27    XL:     11   Next: 66%
Magic:  10/10      EV: 12    Int:  6    God:    Hepliaklqana [*****.]
Gold:   709        SH:  0    Dex: 16    Spells: 10/10 levels left

rFire   . . .      SeeInvis .   V - +4 glaive (flame)
rCold   . . .      Faith    .   (shield currently unavailable)
rNeg    + . .      Spirit   .   W - +1 swamp dragon scales
rPois   +          Reflect  .   (helmet restricted)
rElec   .          Harm     .   R - +0 cloak
rCorr   .          Rampage  .   (gloves unavailable)
Will    .....                   (boots unavailable)
Stlth   ++........              i - amulet of regeneration
HPRegen 1.86/turn               q - +6 ring of strength
MPRegen 0.12/turn               y - ring of positive energy

@: no status effects
A: reduced essence, large, unfitting armour, claws 3, regeneration 1, shaggy fur
1, tough skin 1
a: Renounce Religion, Recall Ancestor, Ancestor Identity, Transference, Idealise


You were on level 10 of the Dungeon.
You worshipped Hepliaklqana.
Hepliaklqana was extremely pleased with you.
You visited 2 branches of the dungeon, and saw 11 of its levels.
You also visited: Sewer and Bailey.

You collected 709 gold pieces.

Inventory:

Hand Weapons
 a - a +1 short sword of distortion
 h - a +1 flail of holy wrath
 L - a +2 halberd of pain
 N - a +5 halberd
 P - a +5 great sword
 Q - a +3 quarterstaff of chaos
 V - a +4 glaive of flaming (weapon)
Missiles
 d - 137 sling bullets
 e - 480 stones (quivered)
 l - 11 boomerangs
 o - 139 bolts
 r - a throwing net
 v - 12 poisoned darts
 x - 222 arrows
Armour
 R - a +0 cloak (worn)
 W - +1 swamp dragon scales (worn)
Magical Staves
 u - a staff of air
 F - a staff of earth
Jewellery
 i - an amulet of regeneration (around neck)
 q - a +6 ring of strength (left claw)
 y - a ring of positive energy (right claw)
 S - a ring of protection from cold
Wands
 k - a wand of iceblast (6)
 D - a wand of flame (21)
 E - a wand of mindburst (8)
 U - a wand of acid (12)
Scrolls
 f - 3 scrolls of fear
 j - a scroll of fog
 m - a scroll of magic mapping
 n - 2 scrolls of amnesia
 w - 2 scrolls of immolation
 C - a scroll of summoning
 G - 5 scrolls of teleportation
 H - a scroll of torment
 T - 3 scrolls of silence
Potions
 b - 2 potions of cancellation
 c - 4 potions of mutation
 g - 10 potions of curing
 p - 2 potions of lignification
 s - 2 potions of invisibility
 t - 3 potions of heal wounds
 z - a potion of experience
 A - 3 potions of haste
 J - a potion of flight {unknown}
 K - 3 potions of might
 M - 2 potions of ambrosia {unknown}
 O - a potion of degeneration {unknown}
 Y - a potion of brilliance {unknown}
 Z - a potion of magic {unknown}
Miscellaneous
 X - a box of beasts (inert)


   Skills:
 + Level 7.6 Fighting
 + Level 9.0 Maces & Flails
 + Level 7.0 Polearms
 + Level 4.5 Armour
 + Level 7.1 Dodging
 + Level 3.6 Stealth


You had 10 spell levels left.
You didn't know any spells.
Your spell library contained the following spells:

 Spells                   Type           Power      Damage    Failure   Level
 Animate Skeleton         Necr           0%         N/A       58%         1
 Apportation              Tloc           0%         N/A       58%         1
 Summon Small Mammal      Summ           0%         N/A       58%         1
 Corpse Rot               Necr/Air       0%         N/A       73%         2
 Ensorcelled Hibernation  Hex/Ice        0%         N/A       73%         2
 Passwall                 Tmut/Erth      0%         N/A       73%         2
 Static Discharge         Conj/Air       0%         N/A       73%         2
 Conjure Flame            Conj/Fire      0%         6-21      91%         3
 Gell's Gravitas          Tloc           0%         N/A       91%         3
 Ignite Poison            Fire/Tmut/Pois 0%         N/A       91%         3
 Lesser Beckoning         Tloc           0%         N/A       91%         3
 Portal Projectile        Hex/Tloc       0%         N/A       91%         3
 Summon Guardian Golem    Hex/Summ       0%         N/A       91%         3
 Swiftness                Air            0%         N/A       91%         3
 Teleport Other           Tloc           0%         N/A       91%         3
 Dispel Undead            Necr           0%         3d6       100%        4
 Sticky Flame             Conj/Fire      0%         2d3       100%        4
 Alistair's Intoxication  Tmut/Pois      0%         N/A       100%        5
 Blade Hands              Tmut           0%         N/A       100%        5
 Borgnjor's Vile Clutch   Necr/Erth      0%         N/A       100%        5
 Excruciating Wounds      Necr           0%         N/A       100%        5
 Summon Forest            Summ/Tloc      0%         N/A       100%        5
 Death Channel            Necr           0%         N/A       100%        6
 Dispersal                Tloc           0%         N/A       100%        6
 Eringya's Noxious Bog    Tmut/Pois      0%         N/A       100%        6
 Orb of Destruction       Conj           0%         9d5       100%        7
 Spellforged Servitor     Conj/Summ      0%         N/A       100%        7
 Summon Hydra             Summ           0%         N/A       100%        7


Dungeon Overview and Level Annotations

Branches:
Dungeon (10/15)            Temple (1/1) D:4            Lair (0/6) D:9
  Sewer (visited)          Bailey (visited)
    Orc: D:9-12

Altars:
Ashenzari
Cheibriados
Dithmenos
Elyvilon
Fedhas
Gozag
Hepliaklqana
Kikubaaqudgha
Makhleb
Nemelex Xobeh
Okawaru
Qazlal
Ru
Sif Muna
Trog
Uskayaw
Vehumet
Wu Jian
Xom
Yredelemnul
Zin
The Shining One

Shops:
D:6 [   D:9 *

Annotations:
D:10 1 runed translucent door


Innate Abilities, Weirdness & Mutations

Your life essence is reduced to manifest your ancestor. (-10% HP)
You are too large for most types of armour.
You have claws for hands.
Your natural rate of healing is unusually fast.
You are covered in fur. (AC +1)
You have tough skin. (AC +1)


Message History

Your Polearms skill increases to level 7!
Unknown command.
You completely miss the lich.
The lich touches you but does no damage.
You slash the lich! You burn the lich.
The lich is lightly damaged.
Edwyna hits the lich with a +0 quarterstaff!!
The lich touches you but does no damage.
The yaktaur captain wields a +0 arbalest.
The yaktaur captain shoots a bolt.
The bolt hits you!!
You hit the lich but do no damage.
The lich is heavily damaged.
Edwyna barely misses the lich.
The lich gestures at you while chanting.
The bolt of cold hits you!!!
Ouch! That really hurt!
* * * LOW HITPOINT WARNING * * *
Edwyna hits the lich with a +0 quarterstaff!
The lich touches you but does no damage.
The yaktaur captain unwields a +0 arbalest.
The yaktaur captain hits you!
* * * LOW HITPOINT WARNING * * *
Blink to where?
Press: ? - help, Dir - move target
As you read the scroll of blinking, it crumbles to dust.
You feel much better.
Edwyna hits the lich but does no damage.
Okay, then.
Okay, then.
Something hits Edwyna!!
Edwyna points at the lich and mumbles some strange words.
The stone arrow hits the lich!
The lich touches Edwyna!
Edwyna has departed this plane of existence.
The yaktaur captain wields a +0 arbalest.
The yaktaur captain shoots a bolt.
The bolt hits you!
The yaktaur captain shoots a bolt.
The bolt hits you!!
* * * LOW HITPOINT WARNING * * *
The yaktaur captain shoots a bolt.
The bolt barely misses you.
The yaktaur captain shoots a bolt.
The bolt hits you!!
You die...

.###########.............# #
.........................# #
................c........########
........########.................
##......# #..#######........
.'......# #..# #........
.#......# #..# #.....###
.#......# #..# #.....# .#......#
#@.# #.....#
.#......########..#######.....#
.#............................#
##............................#
................######........#
####............# #..#######
#............# #..#
############.# #..# #.# ####


You could see a yaktaur captain.

Vanquished Creatures
  A hydra (D:6)
  The ghost of gimp the Ogre Mage, a journeyman OgWz of Vehumet (D:10)
  A skeletal warrior (D:10)
  Pikel (D:7)
  An elephant (D:9)
  Joseph (D:7)
  2 slime creatures (D:8)
  A shadow (D:10)
  A wraith (D:10)
  7 yaks
  A vampire mosquito (D:10)
  2 water moccasins
  An orc warrior (D:9)
  2 black bears
  A necrophage (D:6)
  A centaur (D:9)
  An ogre (D:7)
  A phantom (D:7)
  A kobold brigand (D:10)
  2 scorpions
  A water moccasin skeleton (D:4)
  4 killer bees (D:8)
  7 wights
  A howler monkey (D:9)
  A jelly (D:7)
  A bullfrog skeleton (D:5)
  A hound (D:4)
  4 orc wizards
  2 howler monkey skeletons
  10 gnolls
  7 adders
  A white imp (D:6)
  A worm (D:3)
  2 dart slugs
  19 orcs
  7 ball pythons
  5 bats
  6 endoplasms
  2 giant cockroaches (D:1)
  7 goblins
  10 hobgoblins
  7 jackals
  16 kobolds
  4 quokkas
  A frilled lizard (D:3)
  11 rats
168 creatures vanquished.

Vanquished Creatures (collateral kills)
  An orc warlord (Bailey)
  Maggie (D:7)
  Grinder (D:6)
  A slime creature (D:8)
  A wraith (D:10)
  6 yaks
  2 steam dragons
  2 vampire mosquitoes (D:10)
  4 water moccasins
  Duvessa (D:7)
  2 acid dragons
  4 orc warriors
  2 necrophages
  2 sky beasts
  3 centaurs
  A kobold brigand (D:9)
  4 bullfrogs
  A scorpion (D:4)
  Dowan (D:7)
  6 wights
  3 howler monkeys
  2 centaur zombies (D:7)
  A jelly (D:5)
  Crazy Yiuf (D:6)
  4 hounds
  A bullfrog skeleton (D:6)
  An orc priest (D:8)
  3 gnoll shamans
  2 iguanas
  An orc wizard (D:8)
  3 adders
  6 gnolls
  2 white imps
  A dart slug (D:5)
  10 orcs
  An endoplasm (D:4)
  A giant cockroach (D:5)
  3 goblins
  2 hobgoblins
  4 jackals
  9 kobolds
  A rat (D:5)
108 creatures vanquished.

Vanquished Creatures (others)
  An orc wizard (D:4)
  11 battlemagi
  5 fungi
  A plant (D:4)
18 creatures vanquished.

Grand Total: 294 creatures vanquished

Notes
Turn   | Place    | Note
-------+----------+-------------------------------------------
     0 | D:1      | issech the Troll Monk began the quest for the Orb.
     0 | D:1      | Reached XP level 1. HP: 22/22 MP: 0/0
   131 | D:1      | Reached XP level 2. HP: 29/29 MP: 1/1
   140 | D:1      | Found a faded altar of an unknown god.
   238 | D:1      | Reached skill level 3 in Maces & Flails
   629 | D:1      | Reached XP level 3. HP: 35/36 MP: 2/2
  1179 | D:2      | Reached XP level 4. HP: 41/45 MP: 3/3
  1894 | D:3      | Reached skill level 4 in Maces & Flails
  2325 | D:3      | Found a shadowy altar of Dithmenos.
  2402 | D:3      | Reached XP level 5. HP: 53/53 MP: 4/4
  3067 | D:4      | Found a staircase to the Ecumenical Temple.
  3151 | D:4      | Reached XP level 6. HP: 43/61 MP: 5/5
  3182 | Temple   | Entered the Ecumenical Temple
  3424 | Temple   | Became a worshipper of Hepliaklqana the Forgotten
  3424 | Temple   | Reached * piety under Hepliaklqana
  3424 | Temple   | Reached ** piety under Hepliaklqana
  3426 | Temple   | Remembered your ancestor Edwyna as a battlemage
  3523 | D:4      | Found a radiant altar of Vehumet.
  3793 | D:4      | Found an opulent altar of Gozag.
  3793 | D:4      | Found a white marble altar of Elyvilon.
  4224 | D:5      | Entered Level 5 of the Dungeon
  4224 | D:5      | Noticed a water moccasin
  4231 | D:5      | Found an ornate altar of the Wu Jian Council.
  4252 | D:5      | Killed a water moccasin
  4253 | D:5      | Reached skill level 5 in Maces & Flails
  4285 | D:5      | Noticed a water moccasin
  4296 | D:5      | Killed a water moccasin
  4297 | D:5      | Reached XP level 7. HP: 19/63 MP: 6/6
  4361 | D:5      | Found a sparkling altar of Nemelex Xobeh.
  4462 | D:5      | Reached skill level 6 in Maces & Flails
  4517 | D:5      | Reached XP level 8. HP: 65/71 MP: 7/7
  4530 | D:5      | Found a glowing drain.
  4547 | Sewer    | Entered a sewer
  5019 | D:6      | Noticed Grinder
  5026 | D:6      | Paralysed by Grinder for 6 turns
  5031 | D:6      | Killed Grinder
  5053 | D:6      | Reached skill level 5 in Fighting
  5053 | D:6      | Reached skill level 7 in Maces & Flails
  5098 | D:6      | Reached skill level 5 in Dodging
  5278 | D:6      | Reached XP level 9. HP: 79/79 MP: 8/8
  5695 | D:6      | Found a runed translucent door.
  5696 | D:6      | Noticed Crazy Yiuf
  5705 | D:6      | Killed Crazy Yiuf
  5728 | D:6      | Found Ligoe's Armour Shoppe.
  5966 | D:6      | Noticed a six-headed hydra
  6061 | D:6      | Killed a six-headed hydra
  6062 | D:6      | Reached skill level 8 in Maces & Flails
  6285 | D:7      | Reached *** piety under Hepliaklqana
  6314 | D:7      | Noticed Pikel
  6346 | D:7      | Killed Pikel
  6347 | D:7      | Reached skill level 1 in Polearms
  6434 | D:7      | Reached XP level 10. HP: 88/88 MP: 9/9
  6458 | D:7      | Noticed Maggie
  6468 | D:7      | Killed Maggie
  6594 | D:7      | Noticed Joseph
  6596 | D:7      | Found a flagged portal.
  6603 | D:7      | Killed Joseph
  6604 | D:7      | Reached skill level 9 in Maces & Flails
  6615 | Bailey   | Entered a bailey
  6620 | Bailey   | Noticed an orc warlord
  6706 | Bailey   | Found a runed translucent gate.
  6709 | Bailey   | Found a runed translucent gate.
  6715 | Bailey   | Found a runed translucent gate.
  6946 | Bailey   | Killed an orc warlord
  7051 | D:7      | Reached skill level 1 in Armour
  7258 | D:7      | Noticed Dowan
  7259 | D:7      | Noticed Duvessa
  7263 | D:7      | Killed Dowan
  7278 | D:7      | Killed Duvessa
  7444 | D:7      | Reached **** piety under Hepliaklqana
  8615 | D:8      | Reached skill level 5 in Polearms
  8928 | D:8      | Reached XP level 11. HP: 71/98 MP: 10/10
  9780 | D:9      | Found a staircase to the Lair.
  9917 | D:9      | Noticed an angel
  9975 | D:9      | Found Etin's Hallowed Reliquary.
 10320 | D:10     | Entered Level 10 of the Dungeon
 10408 | D:10     | Reached ***** piety under Hepliaklqana
 10434 | D:10     | Found a runed translucent door.
 10434 | D:10     | Noticed a necromancer
 10436 | D:10     | Noticed a yaktaur captain
 10437 | D:10     | Noticed a yaktaur captain
 10437 | D:10     | Noticed a lich
 10437 | D:10     | Noticed a skeletal warrior
 10440 | D:10     | Noticed gimp's ghost (journeyman OgWz)
 10454 | D:10     | Found a stormy altar of Qazlal.
 10455 | D:10     | Found a bloodstained altar of Trog.
 10456 | D:10     | Found a hide-covered altar of Uskayaw.
 10458 | D:10     | Found a shimmering blue altar of Sif Muna.
 10458 | D:10     | Found an ancient bone altar of Kikubaaqudgha.
 11137 | D:10     | Found a runed translucent door.
 11195 | D:10     | Killed a skeletal warrior
 11237 | D:10     | Killed gimp's ghost
 11265 | D:10     | Shot with a bolt by a yaktaur captain

Illustrated notes

Levels and vault maps discovered:
D:1:      wander_arrival_chamber, layout_basic,
          chequers_ecumenical_altar_island, minmay_misc_feat_more_columns,
          amcnicky_mini_rare_corridor_liquid
D:2:      layout_basic
D:3:      layout_loops_ring, mainiacjoe_overflow_alcove_2, serial_aquarium,
          aquarium_bridge_square [aquarium_subvault_bridge,
          aquarium_subvault_window, aquarium_subvault_bridge,
          aquarium_subvault_bridge], aquarium_bridge_straight
          [aquarium_subvault_bridge, aquarium_subvault_wall,
          aquarium_subvault_bridge, aquarium_subvault_wall], aquarium_window_1,
          aquarium_window_2, aquarium_window_corner, aquarium_window_fake,
          aquarium_view_2f, aquarium_view_2c, aquarium_pool_1
D:4:      layout_loops_corners, vehumet_altar_wand_db,
          gammafunk_temple_overflow_wave, minmay_temple_entry_glassed_door,
          serial_bayou, serial_bayou_shore_a, serial_bayou_crossing,
          serial_bayou_shore_b, serial_bayou_pond_d, hex_large
D:5:      layout_rooms, nemelex_diamond_rough_becter,
          mainiacjoe_overflow_catwalk, portal_sewer_entry_b
D:6:      hangedman_cross_stitches, layout_basic, serial_shops,
          nicolae_diamond_shop, uniq_crazy_yiuf_cottage, uniq_grinder
D:7:      layout_layer_cave, enter_bailey_3, uniq_joseph, uniq_maggie,
          uniq_pikel, uniq_duvessa
D:8:      layout_cave_pools, serial_rivers, chequers_serial_rivers_large_a,
          chequers_serial_rivers_large_b, chequers_serial_rivers_micro_d,
          chequers_serial_rivers_micro_e
D:9:      layout_basic, david_lair_generic, minmay_misc_feat_secret_circle,
          nicolae_good_shop
D:10:     layout_irregular_city, grunt_temple_overflow_open,
          muffindrake_ghost_dual_entry
Temple:   minmay_temple_curvy_loop

Skill      XL: |  1  2  3  4  5  6  7  8  9 10 11 |
---------------+----------------------------------+-----
Maces & Flails | 3 4 5 6 7 8 9 |  9.0
Fighting       | 3 4 5 6 7 |  7.6
Dodging        | 3 4 5 6 7 |  7.1
Stealth        | 2 3 |  3.6
Polearms       | 1 5 7 |  7.0
Armour         | 2 4 |  4.5

Action                   |  1- 3 |  4- 6 |  7- 9 | 10-12 || total
-------------------------+-------+-------+-------+-------++-------
Melee: Mace              |   109 |   161 |    91 |       ||   361
       Punch             |       |     1 |     1 |       ||     2
       Halberd           |       |       |    22 |    12 ||    34
       Flail             |       |       |    16 |       ||    16
       Glaive            |       |       |       |   210 ||   210
Invok: Ancestor Life: Ba |       |     1 |       |       ||     1
Evoke: Box of beasts     |       |       |       |     1 ||     1
  Use: Scroll            |       |       |     8 |    15 ||    23
       Potion            |       |       |     1 |     3 ||     4
 Stab: Sleeping          |     2 |     2 |     1 |       ||     5
       Distracted        |       |     1 |     2 |     2 ||     5
Armor: Robe              |    42 |    39 |    41 |     1 ||   123
       Skin              |       |       |       |    75 ||    75
       Swamp dragon scal |       |       |       |   114 ||   114
Dodge: Dodged            |    80 |    79 |   105 |   155 ||   419

Table legend: (Time is in decaauts)
 A = Elapsed time spent in this place.
 B = Non-inter-level travel time spent in this place.
 C = Inter-level travel time spent in this place.
 D = Time resting spent in this place.
 E = Time spent auto-exploring this place.
 F = Levels seen in this place.
 G = Mean time per level.
                   A        B        C        D        E       F      G
               +--------+--------+--------+--------+--------+-----+--------+
         Total |  11555 |  11180 |    375 |    540 |   5031 |  13 |  888.8 |
       Dungeon |  10678 |  10333 |    345 |    540 |   4746 |  10 | 1067.8 |
        Temple |    275 |    245 |     30 |      0 |    196 |   1 |  275.0 |
         Sewer |    137 |    137 |      0 |      0 |     30 |   1 |  137.0 |
        Bailey |    464 |    464 |      0 |      0 |     59 |   1 |  464.0 |
               +--------+--------+--------+--------+--------+-----+--------+

Top non-repeatable levels by time:
     D:7: 1797 daAuts
     D:6: 1355 daAuts
     D:4: 1317 daAuts
     D:8: 1220 daAuts
     D:3: 989 daAuts
    D:10: 961 daAuts
     D:1: 915 daAuts
     D:2: 808 daAuts
     D:9: 717 daAuts
     D:5: 595 daAuts
  Bailey: 464 daAuts
  Temple: 275 daAuts
   Sewer: 137 daAuts
